cohdb
Replays
Latest Replays
All Replays
Popular Replays
Top Player Replays
Match Explorer
How It Works
Community
CoH3 Stats
Reddit
Sign in to upload your games and track your stats! →
Sign in with Steam
Match 27850047
Unlisted
Match 27850047
Overview
Messages
Build Orders
End
Kettenkrad Recon Vehicle
Construct Infanterie Kompanie
MG 42 Machine Gun Team
Grenadier Squad
Construct Panzergrenadier Kompanie
Selects Luftwaffe Battlegroup
Selects Luftwaffe Pioneer Support
Panzergrenadier Squad
Panzergrenadier Officer Quarters
Selects LG40 Recoilless Gun Paradrop
Medical Bunker
Pak 40 Anti-tank Gun Team
Pak 40 Anti-tank Gun Team
Panzergrenadier Squad
Construct Panzer Kompanie
Pak 40 Anti-tank Gun Team
Selects Infantry Reserves
Sturmpanzer IV Brummbär
Pak 40 Anti-tank Gun Team
Panzergrenadier Squad
Selects Stuka Strafing Run
Side Skirts
Panzer Officer Quarters
^3
Memphis
0
0
Comments
sign in to comment!
No comments posted yet!